 Dungeon Crawl Stone Soup version 0.32-a0-996-gb3226c233f (webtiles) character file.

Game seed: 15394649452103638702

309 GiantSquids the Ruffian (level 6, -3/42 HPs)
             Began as an Octopode Cinder Acolyte on Apr 23, 2024.
             Was a High Priest of Ignis.
             Slain by a black bear (12 damage)
             ... on level 5 of the Dungeon.
             The game lasted 00:06:33 (2689 turns).

GiantSquids the Ruffian (Octopode Cinder Acolyte)   Turns: 2689, Time: 00:06:34

Health: -3/42      AC:  1    Str: 16    XL:     6   Next: 41%
Magic:  7/7        EV: 11    Int: 16    God:    Ignis [*****.]
Gold:   174        SH:  0    Dex:  7    Spells: 7/7 levels left

rFire   + .          .
                       - Unarmed
rCold   . . .        (no shield)
rNeg    . . .        (helmet restricted)
rPois   .            j - amulet of regeneration
rElec   .            (no ring)
rCorr   .            (no ring)
SInv    .            (no ring)
Will    .....        (no ring)
Stlth   +++          (no ring)
HPRegen 1.07/turn    (no ring)
MPRegen 0.10/turn    (no ring)
                     (no ring)

%: no passive effects
@: no status effects
A: almost no armour, amphibious, 8 rings, camouflage 1, gelatinous body 1,
(nimble swimmer 1), tentacles
a: Renounce Religion, Fiery Armour, Foxfire Swarm, Rising Flame


You were on level 5 of the Dungeon.
You worshipped Ignis.
Ignis was extremely pleased with you.
You visited 1 branch of the dungeon, and saw 7 of its levels.

You collected 174 gold pieces.

Inventory:

Missiles
 m - 2 poisoned darts (quivered)
Jewellery
 j - an amulet of regeneration (around mantle)
 l - a ring of flight
 o - an amulet of reflection
Scrolls
 a - 6 scrolls of identify {unknown}
 c - 2 scrolls of fog {unknown}
 d - a scroll of immolation {unknown}
 f - 3 scrolls of poison {unknown}
 g - a scroll of blinking {unknown}
 h - 4 scrolls of noise {unknown}
 q - a scroll of fear {unknown}
 r - a scroll of revelation {unknown}
Potions
 b - 2 potions of curing {unknown}
 e - a potion of lignification {unknown}
 i - a potion of enlightenment {unknown}
 k - a potion of heal wounds {unknown}
 n - 2 potions of berserk rage {unknown}
 p - a potion of experience {unknown}


   Skills:
 - Level 3.0 Fighting
 - Level 4.0 Stealth
 * Level 6.3 Unarmed Combat
 - Level 1.0 Spellcasting
 - Level 3.0 Fire Magic


You had 7 spell levels left.
You didn't know any spells.
Your spell library contained the following spells:

 Spells                   Type           Power      Damage    Failure   Level
 Scorch                   Fire           20%        2d5       10%         2
 Leda's Liquefaction      Alch/Erth      0%         N/A       92%         4
 Petrify                  Alch/Erth      0%         N/A       92%         4
 Metabolic Englaciation   Hex/Ice        0%         N/A       99%         5


Dungeon Overview and Level Annotations

Branches:
Dungeon (7/15)             Temple (0/1) D:4

Altars:
Ru

Shops:
D:4 (   D:7 [


Innate Abilities, Weirdness & Mutations

You cannot wear most types of armour.
You are amphibious.
You can wear up to eight rings at the same time.
Your skin changes colour to match your surroundings (Stealth+).
Your rubbery body absorbs attacks. (AC +1, EV +1)
((You are camouflaged when in or above water. (Stealth+)))
You have tentacles for arms and can constrict up to eight enemies at once.


Message History

You tentacle-slap the white imp but do no damage.
The white imp is severely wounded.
You constrict the white imp.
You kill the white imp!
There is an open door here.
You see here an adder corpse.
You open the door.
There is an open door here.
A black bear comes into view.
The helpless black bear fails to defend itself.
You tentacle-slap the black bear. Your grab misses the black bear.
The black bear is lightly wounded.
The black bear bites you!
The black bear claws you but does no damage.
The black bear claws you.
You barely miss the black bear. Your grab misses the black bear.
Your squeeze misses the black bear.
The black bear is lightly wounded.
The black bear bites you. The black bear barely misses you.
The black bear claws you.
You barely miss the black bear. You grab the black bear.
The black bear is lightly wounded.
You constrict the black bear. The black bear bites you.
The black bear barely misses you. The black bear claws you.
You tentacle-slap the black bear.
The black bear is heavily wounded.
You constrict the black bear. You tentacle-slap the black bear.
The black bear is severely wounded.
You constrict the black bear.
The black bear goes berserk!
You tentacle-slap the black bear.
The black bear is almost dead.
You constrict the black bear. The black bear bites you!
The black bear claws you.
* * * LOW HITPOINT WARNING * * *
The black bear claws you.
* * * LOW HITPOINT WARNING * * *
The black bear bites you!
You die...
Ignis goes out, and joins you in death.

.......
........#
.......# ...
...# #.# ..#
####.##..#
#........#
#h@......#
#.###..#..#
#####'###
##..#....#
##...#†>..#
##....'....#
###.....#....#
#.......#....#
###..#..##..##


You could see a black bear (berserk).

Vanquished Creatures
  A scorpion (D:4)
  A sleepcap (D:4)
  An orc wizard (D:3)
  An iguana (D:4)
  3 gnolls (D:4)
  4 adders
  2 shadow imps
  A white imp (D:5)
  3 dart slugs
  7 orcs
  2 endoplasms (D:4)
  2 giant cockroaches
  8 goblins
  8 hobgoblins
  4 quokkas
  8 ball pythons
  5 bats
  2 frilled lizards
  7 kobolds
  4 rats
74 creatures vanquished.

Notes
Turn   | Place    | Note
-------+----------+-------------------------------------------
     0 | D:1      | GiantSquids the Octopode Cinder Acolyte began the quest for
                  | the Orb.
     0 | D:1      | Reached XP level 1. HP: 16/16 MP: 2/2
    73 | D:1      | Reached skill level 1 in Stealth
    91 | D:1      | Reached XP level 2. HP: 21/21 MP: 3/3
   424 | D:1      | Reached XP level 3. HP: 22/26 MP: 4/4
  1039 | D:2      | Reached skill level 4 in Unarmed Combat
  1597 | D:3      | Reached XP level 4. HP: 31/31 MP: 5/5
  1856 | D:4      | Identified the +0 barding "Ziptikli" {Will- Int+4 Dex+3}
  1864 | D:4      | Reached skill level 5 in Unarmed Combat
  1864 | D:4      | Reached XP level 5. HP: 4/36 MP: 6/6
  2034 | D:4      | Reached XP level 6. HP: 25/42 MP: 7/7
  2060 | D:4      | Reached skill level 6 in Unarmed Combat
  2079 | D:4      | Found a sacrificial altar of Ru.
  2338 | D:4      | Found Piajefiepp's Antique Weapon Emporium.
  2362 | D:4      | Found a staircase to the Ecumenical Temple.
  2610 | D:5      | Entered Level 5 of the Dungeon
  2611 | D:5      | You fall into a shaft and drop 2 floors!
  2611 | D:7      | Found Malasme's Antique Armour Boutique.
  2650 | D:6      | Noticed an orc warrior
  2680 | D:5      | Noticed a black bear
  2689 | D:5      | Slain by a black bear

Illustrated notes

Levels and vault maps discovered:
D:1:      dpeg_arrival_line_fractal, layout_basic
D:2:      layout_loops_ring
D:3:      layout_rooms
D:4:      layout_cave_pods, nicolae_ru_sacrificial_ziggurat,
          minmay_temple_entry_glass, nicolae_stop_n_shop_1
D:5:      layout_gridville, serial_library_regret_index_small_wings,
          roderic_serpentine_path, nrook_uturn
D:6:      layout_layer_cave, ebering_ghost_disaster_area, minmay_small_thing,
          uniq_jeremiah
D:7:      layout_basic, trog_book, serial_shops, shop,
          minmay_misc_feat_secret_circle

Skill      XL: |  1  2  3  4  5  6 |
---------------+-------------------+-----
Stealth        | 1 2 3 4 |  4.0
Unarmed Combat | 4 5 6 |  6.3
Fighting       | |  3.0
Spellcasting   | |  1.0
Fire Magic     | |  3.0

Action                     |  1- 3 |  4- 6 || total
---------------------------+-------+-------++-------
  Melee: Unarmed           |    66 |    75 ||   141
         Constrict         |    19 |    17 ||    36
         Tentacles         |    13 |    14 ||    27
         Punch             |     2 |       ||     2
 Invoke: Fiery Armour      |       |     1 ||     1
   Stab: Sleeping          |     8 |     8 ||    16
 Armour: Skin              |    35 |    50 ||    85
  Dodge: Dodged            |    40 |    26 ||    66

Table legend: (Time is in decaauts)
 A = Elapsed time spent in this place.
 B = Non-inter-level travel time spent in this place.
 C = Inter-level travel time spent in this place.
 D = Time resting spent in this place.
 E = Time spent auto-exploring this place.
 F = Levels seen in this place.
 G = Mean time per level.
                   A        B        C        D        E       F      G
               +--------+--------+--------+--------+--------+-----+--------+
         Total |   2677 |   2550 |    127 |     27 |   1972 |   7 |  382.4 |
       Dungeon |   2677 |   2550 |    127 |     27 |   1972 |   7 |  382.4 |
               +--------+--------+--------+--------+--------+-----+--------+

Top non-repeatable levels by time:
     D:1: 819 daAuts
     D:4: 735 daAuts
     D:2: 660 daAuts
     D:3: 384 daAuts
     D:7: 38 daAuts
     D:5: 31 daAuts
     D:6: 6 daAuts
